 Dungeon Crawl Stone Soup version 0.29-a0-520-gc852659d43 (webtiles) character file.

Game seed: 16499742452580608924

92 CrazyBamboolord the Grave Robber (level 4, 0/30 HPs)
             Began as a Mummy Necromancer on May 31, 2022.
             Slain by a gnoll
             ... wielding a +0 whip
              (6 damage)
             ... on level 3 of the Dungeon.
             The game lasted 00:06:27 (2638 turns).

CrazyBamboolord the Grave Robber (MuNe)             Turns: 2638, Time: 00:06:27

Health: 0/30       AC:  3    Str: 11    XL:     4   Next: 35%
Magic:  0/10       EV: 12    Int: 16    God:
Gold:   116        SH:  0    Dex: 12    Spells: 3/11 levels left

rFire   x . .      SeeInvis .   d - +2 hand axe (vorpal)
rCold   + . .      Faith    .   (no shield)
rNeg    + + +      Spirit   .   a - +0 robe
rPois   ∞          Reflect  .   (no helmet)
rElec   .          Harm     .   (no cloak)
rCorr   .          Rampage  .   (no gloves)
Will    .....                   i - +0 pair of boots
Stlth   ++........              (no amulet)
HPRegen 0.10/turn               (no ring)
MPRegen 0.12/turn               (no ring)

@: animating dead, very slightly contaminated
A: cold resistance 1, negative energy resistance 3, torment resistance 2, heat
vulnerability 1, in touch with death 1, no potions
a: no special abilities


You were on level 3 of the Dungeon.
You visited 1 branch of the dungeon, and saw 3 of its levels.

You collected 116 gold pieces.

Inventory:

Hand Weapons
 d - a +2 vorpal hand axe (weapon)
Armour
 a - a +0 robe (worn)
 i - a +0 pair of boots (worn)
Scrolls
 b - a scroll of immolation {unknown}
 c - 2 scrolls of magic mapping
 e - a scroll of enchant armour {unknown}
 f - 2 scrolls of identify {unknown}
 g - a scroll of fog {unknown}
 h - a scroll of vulnerability {unknown}
 j - a scroll of teleportation {unknown}
 k - a scroll of noise {unknown}


   Skills:
 * Level 1.7 Dodging
 + Level 1.5 Stealth
 * Level 4.4 Spellcasting
 * Level 4.9 Necromancy


You had 3 spell levels left.
You knew the following spells:

 Your Spells              Type           Power      Damage    Failure   Level
a - Necrotize             Necr           100%       1d9       1%          1
b - Vampiric Draining     Necr           29%        2d8       6%          3
c - Animate Dead          Necr           29%        N/A       21%         4

Your spell library contained the following spells:

 Spells                   Type           Power      Damage    Failure   Level
 Agony                    Necr           29%        N/A       50%         5


Dungeon Overview and Level Annotations

Branches:
Dungeon (3/15)

Altars:


Innate Abilities, Weirdness & Mutations

You are immune to poison.
Your flesh is cold resistant. (rC+)
You are immune to negative energy. (rN+++)
You are immune to unholy pain and torment.
You are vulnerable to heat. (rF-)
You are in touch with the powers of death.
You do not drink.


Message History

This spell is extremely dangerous to cast!
Memorise Animate Dead, consuming 4 spell levels and leaving 3?
You start memorising the spell.
You continue memorising. x4
You finish memorising.
Spell assigned to 'c'.
You see here 26 stones.
You see here 21 stones.
You open the door.
There is an open door here.
You open the door.
There is an open door here. 4 gnolls come into view.
The gnoll shouts! x3
There are monsters nearby!
Casting: Necrotize (safe; 1% risk of failure)
Confirm with . or Enter, or press ? or * to list all spells.
The spell is extremely dangerous to miscast (21% risk of failure)!
Continue anyway?
You feel a surge of power!
You miscast Animate Dead.
You are very lightly contaminated with residual magic.
Nothing appears to happen.
The gnoll hits you with a +0 whip.
Casting: Animate Dead (extremely dangerous; 21% risk of failure)
Confirm with . or Enter, or press ? or * to list all spells.
The spell is extremely dangerous to miscast (21% risk of failure)!
Continue anyway?
You feel a surge of power!
You call upon the dead to rise.
The gnoll hits you with a +0 whip.
Aiming: Necrotize (safe; 1% risk of failure)
Press: ? - help, Q - select action, (/) - cycle Shift-Dir - straight line, f - gnoll
Aim: a gnoll, wielding a +0 whip (chance to affect: 88%)
You feel a surge of power!
The gnoll writhes in agony!
The gnoll hits you from afar with a +0 halberd!
Ouch! That really hurt!
* * * LOW HITPOINT WARNING * * *
The gnoll barely misses you.
Aiming: Necrotize (safe; 1% risk of failure)
Press: ? - help, Q - select action, (/) - cycle Shift-Dir - straight line, f/p - gnoll
Aim: a gnoll, wielding a +0 whip (severely wounded, chance to affect: 88%)
You feel a surge of power!
The gnoll writhes in agony.
The gnoll misses you. The gnoll hits you with a +0 whip.
* * * LOW HITPOINT WARNING * * *
The gnoll attacks as you move away! The gnoll hits you with a +0 whip.
You die...

#..#######..#.##...........#
#..##.........##..........!#
.#
#..##.###...####...........#
.# #..##.# #...#
#...........# .# #..##.#
#...# #...........# .#
#...#.###...####...........#
.#
##..#......................#
.#
#[.#############..........#
.# #..# #.@.......###### .#
#..# #g#######.#########
#####..# #g#................
# #....# #g#.........#######
# #....# #g#.........#
###....######
#.#.........###
.####........
..#...........# .##
#.####### ###........##.#
..# #.# #........##.#


You could see 4 gnolls.

Vanquished Creatures
  4 adders
  A worm (D:2)
  4 bats
  5 endoplasms
  A giant cockroach (D:1)
  4 goblins
  5 hobgoblins
  4 jackals (D:1)
  4 kobolds
  2 quokkas (D:1)
  6 ball pythons
  3 frilled lizards
  2 rats
45 creatures vanquished.

Vanquished Creatures (collateral kills)
  A ball python (D:1)
  3 goblins (D:1)
  A frilled lizard (D:1)
  A kobold (D:1)
6 creatures vanquished.

Grand Total: 51 creatures vanquished

Notes
Turn   | Place    | Note
-------+----------+-------------------------------------------
     0 | D:1      | CrazyBamboolord the Mummy Necromancer began the quest for
                  | the Orb.
     0 | D:1      | Reached XP level 1. HP: 13/13 MP: 4/4
   248 | D:1      | Reached XP level 2. HP: 5/19 MP: 0/6
   956 | D:1      | Gained mutation: You are in touch with the powers of death.
                  | [Mummy growth]
   956 | D:1      | Reached XP level 3. HP: 24/24 MP: 5/8
  1051 | D:1      | Found a faded altar of an unknown god.
  1093 | D:1      | Learned a level 3 spell: Vampiric Draining
  2073 | D:3      | Reached XP level 4. HP: 28/30 MP: 7/10
  2518 | D:3      | Learned a level 4 spell: Animate Dead
  2638 | D:3      | Slain by a gnoll

Illustrated notes

Levels and vault maps discovered:
D:1:      dpeg_arrival_castle, layout_rooms,
          chequers_ecumenical_altar_simple_redux
D:2:      layout_basic
D:3:      layout_basic

Skill      XL: |  1  2  3 |
---------------+----------+-----
Spellcasting   | 3 4 |  4.4
Dodging        | |  1.7
Stealth        | |  1.5
Necromancy     | |  4.9

Action                   |  1- 3 |  4- 6 || total
-------------------------+-------+-------++-------
Melee: Unarmed           |    19 |       ||    19
 Cast: Necrotize         |    73 |    17 ||    90
       Animate Dead      |       |     1 ||     1
  Use: Scroll            |     1 |       ||     1
Armor: Robe              |     4 |     1 ||     5
Dodge: Dodged            |    24 |     5 ||    29

Table legend: (Time is in decaauts)
 A = Elapsed time spent in this place.
 B = Non-inter-level travel time spent in this place.
 C = Inter-level travel time spent in this place.
 D = Time resting spent in this place.
 E = Time spent auto-exploring this place.
 F = Levels seen in this place.
 G = Mean time per level.
                   A        B        C        D        E       F      G
               +--------+--------+--------+--------+--------+-----+--------+
         Total |   2641 |   2548 |     93 |    396 |   1817 |   3 |  880.3 |
       Dungeon |   2641 |   2548 |     93 |    396 |   1817 |   3 |  880.3 |
               +--------+--------+--------+--------+--------+-----+--------+

Top non-repeatable levels by time:
     D:1: 1289 daAuts
     D:2: 770 daAuts
     D:3: 581 daAuts
